 Dungeon Crawl Stone Soup version 0.24-a0-201-gf205589 (webtiles) character file.

Game seed: 4641204997573363541

23125 Ivan the Cleaver (level 12, -3/112 HPs)
             Began as a Minotaur Fighter on Mar 21, 2019.
             Was the Champion of Okawaru.
             Killed from afar by an electric eel (9 damage)
             ... with a bolt of electricity
             ... on level 12 of the Dungeon.
             The game lasted 00:45:47 (13402 turns).

Ivan the Cleaver (Minotaur Fighter)                Turns: 13402, Time: 00:45:48

Health: -3/112     AC: 21    Str: 26    XL:     12   Next: 69%
Magic:  11/11      EV:  7    Int:  5    God:    Okawaru [******]
Gold:   1060       SH: 15    Dex: 10    Spells: 11/11 levels left

rFire    . . .     SeeInvis .   r - +7 war axe
rCold    . . .     Gourm    .   c - +0 shield
rNeg     . . .     Faith    .   t - +0 plate armour
rPois    .         Spirit   .   (helmet restricted)
rElec    .         Reflect  +   w - +2 cloak
rCorr    +         Harm     .   (no gloves)
MR       .....                  p - +1 pair of boots
Stlth    ..........             b - +2 amulet of reflection
HPRegen  0.28/turn              o - ring of resist corrosion
MPRegen  0.12/turn              (no ring)

@: no status effects
A: retaliatory headbutt, horns 2
a: Heroism, Finesse, Renounce Religion


You were on level 12 of the Dungeon.
You worshipped Okawaru.
Okawaru was exalted by your worship.
You were hungry.

You visited 2 branches of the dungeon, and saw 14 of its levels.

You collected 1060 gold pieces.

Inventory:

Hand Weapons
 r - a +7 war axe (weapon)
Armour
 c - a +0 shield (worn)
 p - a +1 pair of boots (worn)
 t - a +0 plate armour (worn)
 w - a +2 cloak (worn)
Jewellery
 a - an uncursed ring of poison resistance {unknown}
 b - a +2 amulet of reflection (around neck)
 m - an uncursed ring of protection from cold {unknown}
 o - a ring of resist corrosion (left hand)
 F - an uncursed ring of magical power {unknown}
Wands
 i - a wand of clouds (7)
 u - a wand of flame (12)
 x - a wand of digging (3)
 y - a wand of random effects (28)
Scrolls
 e - 5 scrolls of teleportation
 g - 9 scrolls of identify
 l - 2 scrolls of fog
 n - a scroll of fear
 q - a scroll of remove curse
 s - 4 scrolls of enchant armour
 A - a scroll of magic mapping
 E - a scroll of enchant weapon
Potions
 d - 3 potions of might
 h - a potion of agility {unknown}
 j - 5 potions of curing
 k - a potion of mutation {unknown}
 v - a potion of flight {unknown}
 z - a potion of berserk rage {unknown}
 B - a potion of magic {unknown}
 C - a potion of lignification {unknown}
 D - a potion of cancellation {unknown}
Comestibles
 f - 19 rations


   Skills:
 * Level 12.1 Fighting
   Level 1.2 Long Blades
 + Level 13.8 Axes
 * Level 12.4 Armour
 - Level 0.2 Dodging
 * Level 13.2 Shields


You had 11 spell levels left.
You didn't know any spells.
Your spell library contained the following spells:

 Spells                   Type           Power        Failure   Level  Hunger
 Corona                   Hex            #......      99%         1    ##.....
 Magic Dart               Conj           #...         99%         1    ##.....
 Sandblast                Erth           #.....       99%         1    ##.....
 Ensorcelled Hibernation  Hex/Ice        #.....       100%        2    ###....
 Passwall                 Tmut/Erth      #.......     100%        2    ###....
 Searing Ray              Conj           #.....       100%        2    ###....
 Confuse                  Hex            #.......     100%        3    ####...
 Dazzling Spray           Conj/Hex       #.....       100%        3    ####...
 Stone Arrow              Conj/Erth      #.....       100%        3    ####...
 Tukima's Dance           Hex            #.......     100%        3    ####...
 Force Lance              Conj/Tloc      #.......     100%        4    #####..
 Fulminant Prism          Conj/Hex       #.........   100%        4    #####..
 Iskenderun's Mystic Bla  Conj           #.......     100%        4    #####..
 Petrify                  Tmut/Erth      #.......     100%        4    #####..
 Lee's Rapid Deconstruct  Erth           #.........   100%        5    ######.


Dungeon Overview and Level Annotations

Branches:
Dungeon (12/15)            Temple (0/1) D:5            Lair (2/6) D:10
 Shoals (0/4) Lair:2          Orc (0/2) D:9
  Snake: Lair:2-4    Spider: Lair:2-4

Altars:
Ashenzari
Cheibriados
Dithmenos
Elyvilon
Gozag
Hepliaklqana
Makhleb
Okawaru
Qazlal
Ru
Sif Muna
Uskayaw
Vehumet
Wu Jian
Yredelemnul
Beogh

Shops:
D:8 =   D:10 %


Innate Abilities, Weirdness & Mutations

You reflexively headbutt those who attack you in melee.
You have a pair of horns on your head.


Message History

You slash the electric eel!
The electric eel is severely wounded.
You miss the electric eel. You closely miss the electric eel.
Your headbutt misses the electric eel.
The electric eel is severely wounded.
You hit the electric eel.
The electric eel shoots out a bolt of lightning at you!
The bolt of electricity hits you!
* * * LOW HITPOINT WARNING * * *
The bolt of electricity hits you!
* * * LOW HITPOINT WARNING * * *
The bolt of electricity hits the electric eel.
The electric eel completely resists.
The electric eel shoots out a bolt of lightning at you!
The bolt of electricity hits you!
* * * LOW HITPOINT WARNING * * *
The electric eel shoots out a bolt of lightning at you!
The bolt of electricity hits the electric eel.
The electric eel completely resists.
The bolt of electricity hits you!
You die...

###.......###.#########.
#.........#.....# #....
#.........#..<..####.##.
#....######.....#.......
#....# #................
#....# #......#.........
###### #......#.........
########......#.........
#......@......#.........
≈≈≈≈≈≈;;≈≈≈≈≈≈≈.....###.
≈≈≈≈≈≈;≈≈≈≈≈≈≈###.######
≈≈≈≈≈≈≈≈≈≈≈≈≈≈≈##.......
≈≈≈≈≈≈≈≈≈≈≈≈≈≈≈≈≈.......
≈≈≈≈≈≈≈≈≈≈≈≈≈≈≈≈≈###....
≈≈≈≈≈≈≈≈≈≈≈≈≈≈≈#.# #....
≈≈≈≈≈≈≈≈≈≈≈≈≈≈.#.###....
≈≈≈≈≈≈≈≈≈≈≈...........


You could see 3 electric eels.

Vanquished Creatures
  Erica (D:11)
  A centaur warrior (D:12)
  A two-headed ogre (D:11)
  Urug (D:11)
  An unseen horror (D:10)
  2 ugly things
  An oklob plant (D:10)
  2 manticores
  A black mamba (Lair:2)
  Joseph (D:8)
  3 merfolk sirens (Lair:2)
  2 spiny frogs (Lair:1)
  A gargoyle (D:12)
  5 komodo dragons
  A merfolk (Lair:2)
  4 trolls
  A hornet (Lair:2)
  8 hippogriffs
  A water elemental (D:12)
  Sigmund (D:6)
  A wyvern (D:12)
  A spriggan (D:8)
  A basilisk (Lair:2)
  18 yaks
  Eustachio (D:6)
  3 hungry ghosts
  A steam dragon (D:12)
  A soldier ant (D:12)
  2 water moccasins (Lair:2)
  4 porcupines
  2 acid dragons
  An orc warrior (D:9)
  4 black bears
  A sky beast (D:11)
  3 ogres
  3 phantoms
  2 necrophages
  10 wolves
  9 centaurs
  5 crocodiles
  A big kobold (D:11)
  8 bullfrogs
  2 wyvern zombies
  4 scorpions
  14 wights
  3 electric eels
  2 crimson imps
  5 bullfrog zombies
  A quasit (D:11)
  9 orc priests
  2 jellies
  6 hounds
  Natasha (D:2)
  3 bullfrog skeletons
  7 orc wizards
  Jessica (D:2)
  A centaur skeleton (D:8)
  2 iguanas
  14 worker ants
  A hound zombie (D:8)
  A hound skeleton (D:6)
  A worker ant zombie (D:10)
  11 adders
  A howler monkey skeleton (D:8)
  A shadow imp (D:10)
  An adder zombie (D:9)
  An adder skeleton (D:7)
  6 worms
  A dart slug (D:3)
  6 leopard geckos
  42 orcs
  11 bats
  8 giant cockroaches
  5 goblins
  6 hobgoblins
  12 jackals
  4 quokkas
  A ball python (D:2)
  7 frilled lizards
  A jackal zombie (D:8)
  9 kobolds
  A leopard gecko zombie (D:6)
  A quokka zombie (D:8)
  10 rats
  2 fungi (Lair:1)
  8 plants (D:10)
357 creatures vanquished.

Vanquished Creatures (others)
  3 centaurs (D:11)
  A shadow imp (D:11)
  An orc (D:11)
5 creatures vanquished.

Grand Total: 362 creatures vanquished

Notes
Turn   | Place    | Note
-------+----------+-------------------------------------------
     0 | D:1      | Ivan the Minotaur Fighter began the quest for the Orb.
     0 | D:1      | Reached XP level 1. HP: 19/19 MP: 0/0
   107 | D:1      | Reached XP level 2. HP: 23/27 MP: 1/1
   753 | D:1      | Reached XP level 3. HP: 30/33 MP: 2/2
   952 | D:2      | Reached XP level 4. HP: 15/40 MP: 3/3
  1061 | D:2      | Found a shadowy altar of Dithmenos.
  1157 | D:2      | Noticed a +0 hand axe
  1157 | D:2      | Noticed a +0 dagger
  1158 | D:2      | Found a hide-covered altar of Uskayaw.
  1174 | D:2      | Noticed Jessica
  1184 | D:2      | Killed Jessica
  1273 | D:2      | Found a stormy altar of Qazlal.
  1294 | D:2      | Noticed Natasha
  1299 | D:2      | Killed Natasha
  1299 | D:2      | Reached XP level 5. HP: 47/47 MP: 4/4
  1427 | D:3      | Reached skill level 5 in Shields
  1475 | D:3      | Found an iron altar of Okawaru.
  1488 | D:3      | Became a worshipper of Warmaster Okawaru
  1877 | D:3      | Reached XP level 6. HP: 53/53 MP: 5/5
  1911 | D:3      | Found a deep blue altar of Sif Muna.
  1911 | D:3      | Found a radiant altar of Vehumet.
  2066 | D:4      | Reached skill level 5 in Armour
  2149 | D:4      | Reached skill level 5 in Axes
  2379 | D:4      | Reached skill level 5 in Fighting
  2423 | D:4      | Reached * piety under Okawaru
  2497 | D:4      | Found a hazy altar of Hepliaklqana.
  2679 | D:5      | Entered Level 5 of the Dungeon
  2690 | D:5      | Reached XP level 7. HP: 54/61 MP: 6/6
  2871 | D:5      | Found an iron altar of Okawaru.
  3144 | D:5      | Found a staircase to the Ecumenical Temple.
  3276 | D:5      | Found an opulent altar of Gozag.
  3998 | D:6      | Found a sacrificial altar of Ru.
  4090 | D:6      | Reached ** piety under Okawaru
  4166 | D:6      | Noticed Sigmund
  4174 | D:6      | Killed Sigmund
  4174 | D:6      | Reached XP level 8. HP: 46/70 MP: 7/7
  4563 | D:6      | Noticed Eustachio
  4649 | D:6      | Killed Eustachio
  5481 | D:7      | Reached *** piety under Okawaru
  5542 | D:7      | Reached XP level 9. HP: 69/79 MP: 8/8
  6280 | D:8      | Found a snail-covered altar of Cheibriados.
  6321 | D:8      | Found Vyiwamume's Jewellery Shoppe.
  6325 | D:8      | Noticed Joseph
  6342 | D:8      | Killed Joseph
  6748 | D:8      | Reached **** piety under Okawaru
  6772 | D:8      | Found the +7 Singing Sword {slice, sonic wave}
  7187 | D:8      | Reached skill level 1 in Long Blades
  7372 | D:9      | Found a staircase to the Orcish Mines.
  7399 | D:9      | Found a roughly hewn altar of Beogh.
  7423 | D:9      | Found a basalt altar of Yredelemnul.
  7457 | D:9      | Got a shimmering spear
  7458 | D:9      | Identified the +6 spear of Webeary {holy, +Rage Str-3 Int+8
                  | Dex+3} (You found it on level 9 of the Dungeon)
  7566 | D:9      | Found a white marble altar of Elyvilon.
  7599 | D:9      | Reached XP level 10. HP: 89/89 MP: 9/9
  7604 | D:9      | Found a shattered altar of Ashenzari.
  8047 | D:10     | Entered Level 10 of the Dungeon
  8052 | D:9      | Reached skill level 10 in Axes
  8171 | D:10     | Noticed an oklob plant
  8180 | D:10     | Killed an unseen horror
  8180 | D:10     | Reached ***** piety under Okawaru
  8336 | D:10     | Reached skill level 10 in Shields
  8353 | D:10     | Found a staircase to the Lair.
  8458 | D:10     | Found Jojariuq's Food Shoppe.
  8845 | D:10     | Killed an oklob plant
  8886 | Lair:1   | Entered Level 1 of the Lair of Beasts
  9066 | Lair:1   | Noticed a spiny frog
  9077 | Lair:1   | Reached skill level 10 in Armour
  9101 | Lair:1   | Killed a spiny frog
  9117 | Lair:1   | Received a gift from Okawaru
  9117 | Lair:1   | Reached XP level 11. HP: 31/99 MP: 10/10
  9473 | Lair:1   | Reached skill level 10 in Fighting
  9653 | Lair:1   | Noticed a fire dragon
  9978 | Lair:2   | Found an ornate altar of the Wu Jian Council.
  9993 | Lair:2   | Paralysed by a hornet for 1 turns
 10912 | Lair:2   | Received a gift from Okawaru
 10922 | Lair:2   | Found a staircase to the Shoals.
 10936 | Lair:2   | HP: 4/101 [merfolk siren/+0 spear (5)]
 11400 | D:11     | Noticed Erica
 11409 | D:11     | Killed Erica
 11412 | D:11     | Noticed a green ugly thing
 11636 | D:10     | Killed a green ugly thing
 11668 | D:11     | Reached XP level 12. HP: 85/110 MP: 11/11
 11719 | D:11     | Reached ****** piety under Okawaru
 11729 | D:11     | Noticed Urug
 11754 | D:11     | Killed Urug
 11754 | D:11     | Received a gift from Okawaru
 12165 | D:11     | Noticed a two-headed ogre
 12209 | D:11     | Killed a two-headed ogre
 12790 | D:12     | Noticed a centaur warrior
 12807 | D:12     | Killed a centaur warrior
 13048 | D:12     | Found a burning altar of Makhleb.
 13402 | D:12     | Killed from afar by an electric eel

Levels and vault maps discovered:
D:1:      dpeg_arrival_renting, layout_basic
D:2:      layout_rooms, nicolae_qazlal_general_emergency,
          dancing_weapons_uskayaw, old_standard_altar, first_ration,
          uniq_natasha, uniq_jessica
D:3:      layout_basic, gammafunk_temple_overflow_wave, eino_tiny_chamber,
          st_stairs_14, minivault_4, okawaru_trees_2
D:4:      layout_gridville, marbit_many_paths
D:5:      layout_layer_cave, kennysheep_little_box, temple_fountains,
          nicolae_gozag_seed_capital
D:6:      layout_gridville, lemuel_crystal_altar, uniq_eustachio, uniq_sigmund
D:7:      layout_basic, minmay_crystal_water, hangedman_minor_gate_pass
D:8:      minmay_octagon_keep, layout_rooms, cheibrodos_worm_habitat,
          nicolae_overflow_hidden_temple, serial_co_window_serial,
          co_window_corner_a, co_window_corner_a, co_window_paths_a,
          co_window_cross_1, co_window_paths_b, co_window_unsneaky_path_b,
          co_window_broadway_a, co_window_of_opportunity_b, co_window_corner_b,
          co_window_of_opportunity_b, co_window_paths_e, co_window_paths_d,
          glass_columns_a, glass_columns_b, glass_columns_c, glass_columns_a,
          serial_shops, shop, the_bakery, uniq_joseph
D:9:      layout_irregular_city, elyvilon_altar_3, lemuel_round_altar,
          old_standard_altar, minmay_orc_entry_temple_small
D:10:     layout_stronghold, dpeg_oklobed_lair, serial_shops, shop
D:11:     layout_layer_cave, uniq_urug, uniq_erica
D:12:     layout_basic, basic_altar, grunt_decor_fettered
Lair:1:   dragon1_lemuel, layout_cave_pods
Lair:2:   layout_big_grid, elwin_shoals_entry_stream, basic_altar, st_stairs_9,
          gammafunk_lair_bear_cave, uniq_harold

Skill      XL: |  1  2  3  4  5  6  7  8  9 10 11 12 |
---------------+-------------------------------------+-----
Armour         | 4 5 6 7 9 10 11 12 | 12.4
Shields        | 4 5 6 8 9 10 12 13 | 13.2
Axes           | 3 4 5 6 8 9 11 12 13 | 13.8
Fighting       | 4 5 6 7 8 9 11 12 | 12.1
Long Blades    | 1 |  1.2
Dodging        | |  0.2

Action                   |  1- 3 |  4- 6 |  7- 9 | 10-12 || total
-------------------------+-------+-------+-------+-------++-------
Melee: War axe           |    90 |   119 |   378 |   513 ||  1100
       Headbutt          |     2 |    17 |    69 |   107 ||   195
Invok: Heroism           |       |       |       |     3 ||     3
  Use: Potion            |     1 |       |       |    10 ||    11
       Scroll            |       |     6 |    12 |     2 ||    20
  Eat: Chunk             |       |     5 |     8 |    12 ||    25
       Ration            |       |       |     5 |     2 ||     7
Armor: Scale mail        |    60 |    33 |       |       ||    93
       Plate armour      |       |    15 |   188 |   233 ||   436
Dodge: Dodged            |    38 |    35 |    52 |    90 ||   215
Block: Shield            |    61 |    76 |   212 |   367 ||   716
       Reflection        |       |       |     3 |    33 ||    36

Table legend:
 A = Non-vault XP
 B = Vault XP
 C = Vault XP percentage of total XP
 D = Non-vault monster count
 E = Vault monster count
 F = Vault count percentage of total count
                 A         B        C        D         E       F
            +---------+---------+-------+---------+---------+-------
      Total |   26467 |    6570 |  19.9 |     311 |      40 |  11.4
            +---------+---------+-------+---------+---------+-------
        D:1 |      41 |       0 |   0.0 |      26 |       0 |   0.0
        D:2 |     107 |      76 |  41.5 |      30 |       2 |   6.2
        D:3 |     163 |       3 |   1.8 |      29 |       1 |   3.3
        D:4 |     340 |       2 |   0.6 |      16 |       1 |   5.9
        D:5 |     229 |       0 |   0.0 |       8 |       0 |   0.0
        D:6 |     841 |     414 |  33.0 |      28 |       2 |   6.7
        D:7 |     561 |     355 |  38.8 |       9 |       5 |  35.7
        D:8 |     479 |    1428 |  74.9 |      13 |      12 |  48.0
        D:9 |    1306 |     237 |  15.4 |      13 |      10 |  43.5
       D:10 |    3025 |     587 |  16.3 |      26 |       1 |   3.7
       D:11 |    5153 |    1741 |  25.3 |      42 |       2 |   4.5
       D:12 |    5377 |       0 |   0.0 |      28 |       0 |   0.0
     Lair:1 |    4147 |       0 |   0.0 |      20 |       0 |   0.0
     Lair:2 |    4698 |    1727 |  26.9 |      23 |       4 |  14.8
            +---------+---------+-------+---------+---------+-------
